 Dungeon Crawl Stone Soup version 0.14-a0-1974-gdb6e453 (webtiles) character file.

302 Kae the Insei (level 4, 0/35 HPs)
             Began as a Draconian Transmuter on Jan 18, 2014.
             Was an Initiate of Sif Muna.
             Slain by a worker ant (6 damage)
             ... on Level 4 of the Dungeon.
             The game lasted 00:02:34 (2385 turns).

Kae the Insei (Draconian Transmuter)                Turns: 2385, Time: 00:02:34

HP   0/35        AC  5     Str 12      XL: 4   Next: 75%
MP   6/7         EV 12     Int 14      God: Sif Muna [......]
Gold 182         SH  0     Dex 12      Spells:  2 memorised,  4 levels left

rFire  . . .     SeeInvis +       - Unarmed
rCold  . . .     Clarity  .     (armour unavailable)
rNeg   . . .     Conserve .     (no shield)
rPois  .         rCorr    .     (helmet restricted)
rElec  .         rRot     .     (no cloak)
SustAb . .       Spirit   .     (no gloves)
rMut   .         Warding  .     (no boots)
Saprov . . .     Stasis   .     (no amulet)
MR     .....                    (no ring)
                                l - ring of see invisible

@: appendage (expiring), mildly poisoned, not resistant to hostile enchantments,
unstealthy
A: unfitting armour, horns 2, AC +5
a: End Transformation, Renounce Religion


You were on level 4 of the Dungeon.
You worshipped Sif Muna.
Sif Muna was noncommittal.
You were hungry.
You had grown temporary horns.
You visited 1 branch of the dungeon, and saw 4 of its levels.

You collected 182 gold pieces.

Inventory:

Missiles
 b - 26 arrows
Comestibles
 a - 3 bread rations
 f - a meat ration
 g - a sausage
 m - an apple
 q - an apricot
Scrolls
 c - 3 scrolls of identify
 i - 2 scrolls of amnesia {unknown}
 j - 3 scrolls of teleportation {unknown}
 k - 2 scrolls of enchant weapon I {unknown}
 n - a scroll of random uselessness {unknown}
 o - a scroll of magic mapping {unknown}
 s - 3 scrolls of enchant weapon II {unknown}
Jewellery
 l - a ring of see invisible (left hand)
Potions
 e - 2 potions of curing {unknown}
 h - a potion of mutation {unknown}
 p - a potion of magic {unknown}
 r - 2 potions of flight {unknown}
 t - a potion of invisibility {unknown}
Books
 d - a book of Changes

   Spells                             Type                      Level
   *Beastly Appendage                 Transmutation                1
   *Sticks to Snakes                  Transmutation                2
   Spider Form                        Transmutation/Poison         3
   Ice Form                           Ice/Transmutation            4
   Blade Hands                        Transmutation                5


   Skills:
 - Level 1.1 Fighting
 - Level 1.7 Dodging
 * Level 4.7 Unarmed Combat
 - Level 2.0 Spellcasting
 + Level 3.4 Transmutations


You had 4 spell levels left.
You knew the following spells:

 Your Spells              Type           Power        Failure   Level  Hunger
a - Beastly Appendage     Trmt           ##....       10%         1    ##.....
b - Sticks to Snakes      Trmt           ##........   12%         2    ###....


Dungeon Overview and Level Annotations

Branches:
Dungeon (4/16)
 Temple: D:4-7

Altars:
Sif Muna
Xom


Innate Abilities, Weirdness & Mutations

Your plain brown scales are hard (AC +5).
Your body does not fit into most forms of armour.
Your cold-blooded metabolism reacts poorly to cold.
You have a pair of horns on your head.


Message History

You are too injured to fight recklessly!
You are too injured to fight recklessly!
You are too injured to fight recklessly!
You are too injured to fight recklessly!
You are too injured to fight recklessly!
You hit the worker ant.
Your tail-slap misses the worker ant.
The worker ant is lightly wounded.
The worker ant closely misses you.
You hit the worker ant but do no damage.
The worker ant is lightly wounded.
The worker ant barely misses you.
You barely miss the worker ant.
The worker ant is lightly wounded.
The worker ant bites you!
* * * LOW HITPOINT WARNING * * *
You closely miss the worker ant.
The worker ant is lightly wounded.
Your transformation is almost over.
The worker ant bites you.
You die...

...........)...........
.......................#
.......................#
.......................#
.......................#
.......................#
.......................#
...............)<......#
#####..........a@......#
#<.................#
#..................#
#..................#
#..................#
#..................
#...........$.....
#...... ......... #.....
...


You could see a worker ant.

Vanquished Creatures
  A hound (D:4)
  2 adders (D:2)
  An inept feature mimic (D:2)
  2 giant geckos (D:1)
  3 oozes
  4 orcs (D:3)
  2 ball pythons
  10 bats
  4 giant cockroaches
  4 goblins
  5 hobgoblins
  A jackal (D:1)
  5 kobolds
  A quokka (D:2)
  A giant gecko skeleton (D:4)
  6 giant newts
  8 rats
60 creatures vanquished.

Notes
Turn   | Place    | Note
--------------------------------------------------------------
     0 | D:1      | Kae, the Draconian Transmuter, began the quest for the Orb.
     0 | D:1      | Reached XP level 1. HP: 16/16 MP: 3/3
   171 | D:1      | Reached XP level 2. HP: 23/23 MP: 4/4
   175 | D:1      | Learned a level 2 spell: Sticks to Snakes
  1058 | D:2      | Reached XP level 3. HP: 24/28 MP: 6/6
  1179 | D:2      | Reached skill level 4 in Unarmed Combat
  1636 | D:2      | Found a shimmering altar of Xom.
  1721 | D:3      | Reached XP level 4. HP: 35/35 MP: 5/7
  2030 | D:3      | Found a deep blue altar of Sif Muna.
  2049 | D:3      | Became a worshipper of Sif Muna the Loreminder
  2385 | D:4      | Slain by a worker ant

Action                   |  1- 3 |  4- 6 || total
-------------------------+-------+-------++-------
Melee: Unarmed           |   146 |    76 ||   222
 Cast: Beastly Appendage |     4 |     4 ||     8
       Sticks to Snakes  |     1 |       ||     1
  Use: Scroll            |     1 |       ||     1
